 Dungeon Crawl Stone Soup version 0.27.0-1-g7a089689b8 (webtiles) character file.

Game seed: 3690127923334335512

84 SkeletonJelly the Chopper (level 4, -8/44 HPs)
             Began as a Deep Dwarf Chaos Knight on Aug 10, 2021.
             Was a Plaything of Xom.
             Mangled by Sigmund (9 damage)
             ... on level 3 of the Dungeon.
             The game lasted 00:04:00 (884 turns).

SkeletonJelly the Chopper (Deep Dwarf Chaos Knight)  Turns: 884, Time: 00:04:01

Health: -8/44      AC:  8    Str: 16    XL:     4   Next: 23%
Magic:  4/4        EV: 11    Int: 13    God:    Xom [.*....]
Gold:   64         SH:  0    Dex: 12    Spells: 3/3 levels left

rFire    . . .     SeeInvis .   d - +3 executioner's axe (freeze)
rCold    . . .     Faith    .   (shield currently unavailable)
rNeg     . . .     Spirit   .   b - +2 leather armour
rPois    .         Reflect  .   (no helmet)
rElec    .         Harm     .   (no cloak)
rCorr    .         Rampage  .   i - +2 pair of gloves
Will     .....                  (no boots)
Stlth    +.........             (no amulet)
HPRegen  0.00/turn              (no ring)
MPRegen  0.09/turn              (no ring)

@: no status effects
A: damage resistance, heal wounds, sense surroundings 1, no regeneration
a: Heal Wounds, Renounce Religion


You were on level 3 of the Dungeon.
You worshipped Xom.
You were a plaything of Xom.
You visited 1 branch of the dungeon, and saw 3 of its levels.

You collected 64 gold pieces.

Inventory:

Hand Weapons
 a - a +0 hand axe of chaos
 d - a +3 executioner's axe of freezing (weapon)
Missiles
 c - 3 javelins
 g - 7 poisoned darts (quivered)
Armour
 b - a +2 leather armour (worn)
 i - a +2 pair of gloves (worn)
Scrolls
 f - 2 scrolls of noise
 j - a scroll of enchant weapon


   Skills:
 * Level 4.1 Fighting
 + Level 4.1 Axes
 - Level 2.1 Armour
 - Level 1.1 Dodging


You had 3 spell levels left.
You didn't know any spells.
Your spell library contained the following spells:

 Spells                   Type           Power      Damage    Failure   Level
 Passwall                 Tmut/Erth      0%         N/A       50%         2
 Swiftness                Air            0%         N/A       75%         3
 Invisibility             Hex            0%         N/A       100%        6


Dungeon Overview and Level Annotations

Branches:
Dungeon (3/15)

Altars:

Shops:
D:1 *

Annotations:
D:3 Sigmund


Innate Abilities, Weirdness & Mutations

You are resistant to damage.
You can heal yourself by infusing magical energy.
You passively map a small area around you.
You do not regenerate.


Message History

You barely miss the orc. The orc barely misses you.
You barely miss the orc. The orc barely misses you.
You closely miss the orc. The orc hits you with a +0 dagger.
You hit the orc.
The orc is moderately wounded.
The orc hits you but does no damage.
You hit the orc. You burn the orc.
The orc is heavily wounded.
The orc hits you but does no damage.
You slash the orc!
You kill the orc!
No target in view!
No target in view!
No target in view!
There is a stone staircase leading up here.
You see here a +0 club.
Found a stone staircase leading down.
l - a scroll labelled TEGOAKHOCO A frilled lizard comes into view.
Found 6 stones.
A frilled lizard is nearby!
A frilled lizard is nearby!
Sigmund the Dreaded comes into view.
He is wielding a +2 vorpal scythe.
Sigmund gestures at you while chanting.
You are confused.
You are too confused!
You are too confused!
You are too confused!
You are too confused!
You are too confused!
You bump into the rock wall.
You bump into the rock wall.
The frilled lizard misses you.
You bump into the rock wall.
The frilled lizard barely misses you.
You feel less confused.
You see here 6 stones.
You aren't carrying any potions.
As you read the scroll labelled YMYMESESAH, it crumbles to dust.
It is a scroll of identify.
j - a scroll of enchant weapon The frilled lizard barely misses you.
As you read the scroll labelled CUMEINWAWIS, it crumbles to dust.
Magic quickly surges around you.
It was a scroll of vulnerability.
The frilled lizard closely misses you.
As you read the scroll labelled YTICKEN MEOTZ, it crumbles to dust.
You feel aware of your surroundings.
You sensed 1 altar.
It was a scroll of magic mapping.
Sigmund hits you from afar with a +2 vorpal scythe.
The frilled lizard closely misses you.
As you read the scroll labelled TEGOAKHOCO, it crumbles to dust.
The scroll dissolves into smoke.
It was a scroll of fog.
The frilled lizard bites you but does no damage.
Sigmund hits you from afar with a +2 vorpal scythe.
The frilled lizard unfolds its giant frill.
The frilled lizard hisses.
Sigmund casts a spell.
Sigmund flickers and vanishes!
Deactivating autopickup; reactivate with Ctrl-A.
Found a book of the Senses.
A frilled lizard comes into view.
You miss the frilled lizard. You closely miss the frilled lizard.
The frilled lizard barely misses you. The frilled lizard bites you.
You miss the frilled lizard. You hit the frilled lizard.
You kill the frilled lizard!
The frilled lizard barely misses you.
You hear some strange, mumbled words.
A puff of flame appears from out of thin air!
The puff of flame hits you!
You closely miss the frilled lizard.
You feel your willpower return. The frilled lizard bites you.
Something hits you but does no damage.
You closely miss the frilled lizard. The frilled lizard barely misses you.
Something hits you but does no damage.
You closely miss the frilled lizard. The frilled lizard barely misses you.
Something hits you.
You hit the frilled lizard.
You kill the frilled lizard!
A magic dart appears from out of thin air!
The magic dart hits you!
A magic dart appears from out of thin air!
The magic dart hits you.
As you read the scroll labelled FUMPUNN FOQINTACU, it crumbles to dust.
You hear a loud clanging noise!
It was a scroll of noise.
This is a scroll of acquirement!
Something appears at your feet! Something hits you but does no damage.
Your +3 executioner's axe of freezing glows with a cold blue light!
d - a +3 executioner's axe of freezing (weapon)
Something hits you!
* * * LOW HITPOINT WARNING * * *
Your leather armour prevents you from hitting something.
Something hits you. x2
* * * LOW HITPOINT WARNING * * *
You hit something. You freeze something. Something hits you but does no damage.
Something hits you.
* * * LOW HITPOINT WARNING * * *
You aren't carrying any potions.
You closely miss something.
Something hits you but does no damage. x2
You closely miss something. Something hits you but does no damage.
Something hits you!
You die...

#{# #.# *,******* #.# #.#
*,* #.# #.# *,*
###.###.######***,*
#............#*,*,*
*#.#.###.###.##,,,,*
**#.....#..####.##,,,**
,...#......#..##.#,,,,*
###......###,#.#@#,,^,**
,,...:...* *,*#.##,,**,**
,###.....#***,###*,****,*
,**....#,,,*,*,***,***,,*
,**,********,**,,*,,*,*,*
,**,* *,,**,*,*,**,*
,,*,* ***,***,****,*
,,,,* *_* *,****,* ,,,,*
*** *,,,,,,*


There were no monsters in sight!

Vanquished Creatures
  Jessica (D:2)
  2 adders
  An orc (D:3)
  5 endoplasms
  2 giant cockroaches
  2 goblins (D:1)
  4 hobgoblins
  3 jackals (D:2)
  A quokka (D:1)
  7 ball pythons
  A bat (D:1)
  4 frilled lizards
  2 kobolds
  3 rats
38 creatures vanquished.

Notes
Turn   | Place    | Note
-------+----------+-------------------------------------------
     0 | D:1      | SkeletonJelly the Deep Dwarf Chaos Knight began the quest
                  | for the Orb.
     0 | D:1      | Reached XP level 1. HP: 20/20 MP: 1/1
    53 | D:1      | Reached XP level 2. HP: 15/28 MP: 2/2
   159 | D:1      | Found Teskezif's Assorted Antiques.
   261 | D:1      | Found a faded altar of an unknown god.
   417 | D:1      | XOM: noise
   517 | D:2      | Reached XP level 3. HP: 32/34 MP: 3/3
   693 | D:2      | Noticed Jessica
   694 | D:2      | XOM: silly message
   703 | D:2      | Killed Jessica
   704 | D:2      | Reached XP level 4. HP: 35/44 MP: 4/4
   784 | D:2      | You fall into a shaft and drop 1 floor!
   826 | D:3      | Noticed Sigmund
   878 | D:3      | Identified a scroll of acquirement
   878 | D:3      | Acquired a +3 executioner's axe of freezing
   882 | D:3      | HP: 1/44 [something (4)]
   884 | D:3      | Mangled by Sigmund

Illustrated notes

Levels and vault maps discovered:
D:1:      nzn_arrival_water_spiral, layout_rooms, serial_shops,
          nicolae_shop_stone, shapermc_ecumenical_altar_starsandcircs,
          minmay_tall_x
D:2:      layout_basic, uniq_jessica, uniq_crazy_yiuf_cottage
D:3:      layout_loops_ring, marbit_many_paths, uniq_sigmund

Skill      XL: |  1  2  3 |
---------------+----------+-----
Fighting       | 3 4 |  4.1
Axes           | 4 |  4.1
Armour         | |  2.1
Dodging        | |  1.1

Action                   |  1- 3 |  4- 6 || total
-------------------------+-------+-------++-------
Melee: Hand axe          |    65 |    18 ||    83
       Executioner's axe |       |     4 ||     4
 Abil: Heal Wounds       |     1 |       ||     1
  Use: Scroll            |       |     6 ||     6
 Stab: Sleeping          |     1 |       ||     1
Armor: Leather armour    |    19 |    11 ||    30
Dodge: Dodged            |    44 |    13 ||    57
